 Dungeon Crawl Stone Soup version 0.23.2-1-ga50397a (webtiles) character file.

Game seed: 8998051386156756862

60 diana the Poker (level 3, -6/28 HPs)
             Began as a Demonspawn Gladiator on Apr 26, 2019.
             Killed from afar by Terence (8 damage)
             ... with a wand of flame (8)
             ... on level 2 of the Dungeon.
             The game lasted 00:01:55 (1242 turns).

diana the Poker (Demonspawn Gladiator)              Turns: 1242, Time: 00:01:56

Health: -6/28      AC:  4    Str: 15    XL:     3   Next: 82%
Magic:  3/3        EV: 13    Int:  9    God:
Gold:   6          SH:  0    Dex: 14    Spells: 2/2 levels left

rFire    . . .     SeeInvis .   a - +0 trident
rCold    . . .     Gourm    .   (no shield)
rNeg     . . .     Faith    .   b - +0 leather armour
rPois    .         Spirit   .   c - +0 helmet
rElec    .         Reflect  .   (no cloak)
rCorr    .         Harm     .   (no gloves)
MR       .....                  (no boots)
Stlth    +.........             (no amulet)
HPRegen  0.09/turn              (no ring)
MPRegen  0.08/turn              (no ring)

@: no status effects
A: talons 1
a: no special abilities


You were on level 2 of the Dungeon.
You were not hungry.

You visited 1 branch of the dungeon, and saw 2 of its levels.

You collected 6 gold pieces.

Inventory:

Hand Weapons
 a - a +0 trident (weapon)
Missiles
 d - 2 throwing nets (quivered)
Armour
 b - a +0 leather armour (worn)
 c - a +0 helmet (worn)
Jewellery
 l - an uncursed amulet of the gourmand {unknown}
Scrolls
 e - 4 scrolls of identify {unknown}
 g - 2 scrolls of teleportation {unknown}
 k - a scroll of immolation {unknown}
Potions
 h - a potion of degeneration {unknown}
 i - a potion of might {unknown}
Comestibles
 f - 4 rations
 j - a chunk of flesh


   Skills:
 + Level 2.7 Fighting
 + Level 3.1 Polearms
 - Level 1.7 Throwing
 + Level 1.3 Armour
 + Level 3.1 Dodging


You had 2 spell levels left.
You didn't know any spells.
Your spell library was empty.

Dungeon Overview and Level Annotations

Branches:
Dungeon (2/15)

Altars:
Okawaru

Annotations:
D:2 Terence


Innate Abilities, Weirdness & Mutations

You have sharp toenails.


Message History

You reach to attack!
You closely miss Terence.
Attack whom?
Press: ? - help, Dir - move target cursor, f/p - Terence
Aim: Terence, wielding a +0 flail of holy wrath, wearing a cursed +0 chain mail and carrying a wand of flame (8)
You puncture Terence! You claw Terence.
Terence is heavily wounded.
Terence hits you with a +0 flail of holy wrath.
You convulse!
* * * LOW HITPOINT WARNING * * *
Throwing (i - inventory)
d - 3 throwing nets (quivered)
Press: ? - help, Shift-Dir - straight line, f/p - Terence
Aim: Terence, wielding a +0 flail of holy wrath, wearing a cursed +0 chain mail and carrying a wand of flame (8) (heavily wounded)
You throw a throwing net. The throwing net hits Terence.
Terence is caught in the net!
Terence is heavily wounded.
Terence struggles against the net.
You hit Terence. You claw Terence.
Terence is almost dead.
Terence zaps a wand.
The puff of flame hits you!
You die...

#......#####.#
#..###
#....### #.#
##.# #. #....#
#[# #..
#.##....# #..
##.# #....####
##. .#
###....#
#....#.##
#.####..# #.
##@# # #@# #.#
#.# ... #.#
#.# #..


You could see Terence (caught).

Vanquished Creatures
  An adder (D:2)
  A worm (D:2)
  3 dart slugs (D:1)
  4 bats (D:1)
  4 giant cockroaches
  5 goblins
  6 hobgoblins (D:1)
  4 jackals (D:1)
  A frilled lizard (D:1)
  4 kobolds
  7 rats
40 creatures vanquished.

Notes
Turn   | Place    | Note
-------+----------+-------------------------------------------
     0 | D:1      | diana the Demonspawn Gladiator began the quest for the Orb.
     0 | D:1      | Reached XP level 1. HP: 16/16 MP: 1/1
    24 | D:1      | Found an iron altar of Okawaru.
   161 | D:1      | Gained mutation: You have sharp toenails. [demonic
                  | ancestry]
   161 | D:1      | Reached XP level 2. HP: 20/22 MP: 2/2
   537 | D:1      | Reached skill level 1 in Armour
   537 | D:1      | Reached XP level 3. HP: 25/28 MP: 3/3
  1235 | D:2      | Noticed Terence
  1242 | D:2      | Killed from afar by Terence

Skill      XL: |  1  2 |
---------------+-------+-----
Polearms       | 3 |  3.1
Dodging        | 3 |  3.1
Armour         | 1 |  1.3
Fighting       | |  2.7
Throwing       | |  1.7

Action                   || total
-------------------------++-------
Melee: Trident           ||   123
       Kick              ||    26
Throw: Throwing net      ||     1
 Stab: Sleeping          ||     3
  Eat: Chunk             ||     1
Armor: Leather armour    ||    38
Dodge: Dodged            ||    66
